[ AOE2 MATCH · #513863380 ]
UnrankedFranks vs Civ #62
Player's team · WIN
Rival team · LOSS
[ REPLAY ANALYSIS · EXTRACTED FROM THE RECORDED GAME ]
Feudal
10:08
Castle
24:28
Imperial
38:46
| APM avg | 42.8 |
| APM peak | 91 |
| eAPM avg | 22.0 |
| Villagers / military | 156 / 189 |
Focus
⚔️ 26.1% · 🌾 73.9%
Knight ×104 · Throwing Axeman ×58 · Skirmisher ×9 · Bombard Cannon ×8 · Trebuchet (Packed) ×5 · Monk ×3
Feudal
10:39
Castle
20:39
Imperial
38:53
| APM avg | 44.8 |
| APM peak | 95 |
| eAPM avg | 23.0 |
| Villagers / military | 187 / 338 |
Focus
⚔️ 46.8% · 🌾 53.2%
Spearman ×279 · Scorpion ×30 · Unknown (2711) ×16 · Trebuchet (Packed) ×7 · Monk ×6 · Skirmisher ×5
Match map
Initial resources + every placement click. Lines = walls · curves = elevation contours. ◆ gold · ⬟ stone · ● berries · ✦ relic · ◌ wall gap
Your base· Open — unwalled flank
KLOAKAN's base· Open — unwalled flank
Smoothed initial terrain · ◌ = detected wall gap · hover for details
Inputs per minute
— [AoT]Mikuri - - KLOAKAN
Build order — [AoT]Mikuri
First 150 of 448 actions detected
| 0:00 | Queue | Villager (Male) |
| 0:01 | Queue | Villager (Male) |
| 0:01 | Queue | Villager (Male) |
| 0:01 | Queue | Villager (Male) |
| 0:02 | Build | House |
| 0:05 | Build | House |
| 1:29 | Queue | Villager (Male) |
| 2:01 | Queue | Villager (Male) |
| 2:17 | Queue | Villager (Male) |
| 2:55 | Queue | Villager (Male) |
| 3:03 | Build | Lumber Camp |
| 3:15 | Queue | Villager (Male) |
| 3:16 | Queue | Villager (Male) |
| 3:30 | Build | House |
| 4:06 | Queue | Villager (Male) |
| 4:15 | Queue | Villager (Male) |
| 4:45 | Queue | Villager (Male) |
| 5:28 | Build | Mill |
| 5:29 | Queue | Villager (Male) |
| 5:29 | Queue | Villager (Male) |
| 5:48 | Queue | Villager (Male) |
| 5:57 | Build | House |
| 6:05 | Queue | Villager (Male) |
| 6:23 | Build | House |
| 6:27 | Build | Palisade Wall |
| 6:44 | Build | Palisade Wall |
| 7:03 | Queue | Villager (Male) |
| 7:32 | Research | Loom |
| 7:35 | Research | Feudal Age |
| 8:00 | Build | Palisade Wall |
| 8:01 | Build | Palisade Wall |
| 8:12 | Build | Mill |
| 8:31 | Queue | Villager (Male) |
| 9:10 | Build | Barracks |
| 9:20 | Build | Palisade Wall |
| 9:22 | Build | Palisade Wall |
| 9:49 | Queue | Villager (Male) |
| 10:08 | Age | Feudal Age |
| 10:19 | Build | Archery Range |
| 10:26 | Queue | Villager (Male) |
| 10:31 | Research | Double-Bit Axe |
| 10:46 | Build | House |
| 10:49 | Build | House |
| 10:57 | Queue | Villager (Male) |
| 11:14 | Queue | Archer |
| 11:14 | Queue | Skirmisher |
| 11:16 | Queue | Villager (Male) |
| 11:19 | Build | Farm |
| 11:21 | Build | Farm |
| 11:22 | Queue | Villager (Male) |
| 11:32 | Queue | Villager (Male) |
| 11:45 | Build | Farm |
| 11:58 | Queue | Skirmisher |
| 11:59 | Queue | Villager (Male) |
| 12:05 | Queue | Villager (Male) |
| 12:25 | Queue | Skirmisher |
| 12:26 | Queue | Villager (Male) |
| 12:31 | Build | Farm |
| 12:36 | Build | Farm |
| 12:58 | Build | Lumber Camp |
| 13:00 | Queue | Villager (Male) |
| 13:14 | Build | House |
| 13:21 | Queue | Villager (Male) |
| 13:30 | Queue | Villager (Male) |
| 13:44 | Queue | Villager (Male) |
| 13:50 | Build | Farm |
| 14:07 | Build | House |
| 14:09 | Build | House |
| 14:16 | Queue | Skirmisher |
| 14:17 | Queue | Villager (Male) |
| 14:25 | Build | Farm |
| 14:34 | Build | Palisade Gate |
| 14:35 | Build | House |
| 14:40 | Build | House |
| 14:50 | Queue | Villager (Male) |
| 14:53 | Build | Palisade Wall |
| 14:59 | Build | Farm |
| 15:14 | Queue | Villager (Male) |
| 15:18 | Build | Blacksmith |
| 15:25 | Queue | Skirmisher |
| 15:25 | Queue | Skirmisher |
| 15:26 | Queue | Villager (Male) |
| 15:43 | Build | Farm |
| 15:55 | Queue | Villager (Male) |
| 16:00 | Build | Farm |
| 16:14 | Build | Mining Camp |
| 16:26 | Build | House |
| 16:27 | Queue | Villager (Male) |
| 16:50 | Queue | Villager (Male) |
| 16:53 | Build | Market |
| 17:31 | Queue | Villager (Male) |
| 17:35 | Build | Farm |
| 17:42 | Queue | Villager (Male) |
| 17:54 | Queue | Villager (Male) |
| 18:02 | Build | Farm |
| 18:04 | Build | Farm |
| 18:09 | Build | Farm |
| 18:15 | Queue | Skirmisher |
| 18:15 | Queue | Skirmisher |
| 18:28 | Build | House |
| 18:35 | Build | Palisade Wall |
| 18:36 | Build | Palisade Wall |
| 18:37 | Build | Palisade Wall |
| 18:38 | Queue | Villager (Male) |
| 18:41 | Build | House |
| 18:43 | Build | Palisade Wall |
| 18:56 | Research | Fletching |
| 19:01 | Build | Farm |
| 19:01 | Queue | Villager (Male) |
| 19:04 | Build | Farm |
| 19:13 | Build | House |
| 19:17 | Build | House |
| 19:19 | Build | House |
| 19:20 | Build | Palisade Wall |
| 19:23 | Build | Palisade Wall |
| 19:26 | Queue | Villager (Male) |
| 19:44 | Queue | Villager (Male) |
| 19:48 | Queue | Archer |
| 19:49 | Queue | Skirmisher |
| 19:56 | Queue | Villager (Male) |
| 21:09 | Build | Farm |
| 21:40 | Research | Castle Age |
| 21:45 | Build | House |
| 21:48 | Build | House |
| 21:53 | Build | House |
| 21:57 | Build | Stable |
| 22:02 | Build | Stable |
| 22:10 | Build | Farm |
| 22:10 | Queue | Villager (Male) |
| 22:25 | Research | Gold Mining |
| 22:30 | Build | Lumber Camp |
| 22:34 | Build | Farm |
| 22:35 | Queue | Villager (Male) |
| 22:42 | Build | Farm |
| 22:46 | Build | Farm |
| 22:48 | Research | Scale Barding Armor |
| 22:55 | Build | Mining Camp |
| 23:11 | Research | Forging |
| 23:23 | Build | Stable |
| 23:25 | Build | Palisade Wall |
| 23:28 | Build | Palisade Wall |
| 23:35 | Build | House |
| 23:46 | Build | Palisade Gate |
| 23:53 | Build | Farm |
| 24:01 | Build | Farm |
| 24:11 | Build | Farm |
| 24:12 | Build | Farm |
| 24:28 | Age | Castle Age |
| 24:33 | Build | Monastery |
| 24:36 | Queue | Knight |
Build order — KLOAKAN
First 150 of 729 actions detected
| 0:00 | Queue | Villager (Male) |
| 0:00 | Queue | Villager (Male) |
| 0:01 | Queue | Villager (Male) |
| 0:01 | Queue | Villager (Male) |
| 0:02 | Build | House |
| 0:04 | Build | House |
| 1:27 | Queue | Villager (Male) |
| 1:58 | Build | Lumber Camp |
| 2:00 | Queue | Villager (Male) |
| 2:26 | Queue | Villager (Male) |
| 2:51 | Queue | Villager (Male) |
| 3:07 | Queue | Villager (Male) |
| 3:40 | Queue | Villager (Male) |
| 3:52 | Build | House |
| 4:02 | Queue | Villager (Male) |
| 4:23 | Build | House |
| 4:34 | Queue | Villager (Male) |
| 4:34 | Queue | Villager (Male) |
| 4:58 | Build | Barracks |
| 5:20 | Queue | Villager (Male) |
| 5:34 | Build | House |
| 5:42 | Queue | Villager (Male) |
| 6:10 | Queue | Villager (Male) |
| 6:11 | Queue | Militia |
| 6:28 | Queue | Militia |
| 6:30 | Queue | Villager (Male) |
| 6:32 | Build | Mill |
| 6:51 | Queue | Villager (Male) |
| 6:52 | Queue | Militia |
| 7:34 | Queue | Villager (Male) |
| 7:35 | Research | Loom |
| 7:38 | Build | Mining Camp |
| 8:29 | Research | Feudal Age |
| 8:40 | Build | Lumber Camp |
| 10:10 | Queue | Villager (Male) |
| 10:39 | Age | Feudal Age |
| 10:45 | Research | Man-at-Arms (upgrade) |
| 10:51 | Build | Watch Tower |
| 10:55 | Queue | Villager (Male) |
| 11:16 | Queue | Spearman |
| 11:26 | Build | Farm |
| 11:27 | Build | Farm |
| 11:37 | Queue | Villager (Male) |
| 11:46 | Queue | Villager (Male) |
| 11:54 | Build | Mill |
| 12:02 | Build | Farm |
| 12:04 | Build | Farm |
| 12:05 | Build | Farm |
| 12:08 | Build | House |
| 12:20 | Build | Archery Range |
| 12:43 | Build | Mining Camp |
| 12:46 | Queue | Villager (Male) |
| 13:09 | Queue | Villager (Male) |
| 13:13 | Build | Farm |
| 13:17 | Queue | Archer |
| 13:41 | Queue | Villager (Male) |
| 13:49 | Research | Double-Bit Axe |
| 13:51 | Queue | Archer |
| 13:56 | Build | House |
| 14:00 | Research | Town Watch |
| 14:01 | Queue | Villager (Male) |
| 14:13 | Queue | Villager (Male) |
| 14:31 | Build | Watch Tower |
| 14:39 | Queue | Archer |
| 14:41 | Queue | Villager (Male) |
| 14:56 | Queue | Villager (Male) |
| 15:07 | Queue | Villager (Male) |
| 15:25 | Build | Blacksmith |
| 15:36 | Queue | Villager (Male) |
| 16:09 | Build | Farm |
| 16:11 | Research | Fletching |
| 16:19 | Queue | Villager (Male) |
| 16:44 | Build | House |
| 16:47 | Build | House |
| 17:39 | Build | Market |
| 17:59 | Research | Castle Age |
| 18:29 | Build | Stable |
| 18:33 | Queue | Villager (Male) |
| 19:18 | Research | Scale Barding Armor |
| 19:40 | Build | Farm |
| 19:49 | Build | Farm |
| 19:53 | Research | Horse Collar |
| 19:53 | Research | Horse Collar |
| 19:59 | Research | Bloodlines |
| 20:29 | Build | House |
| 20:39 | Age | Castle Age |
| 20:41 | Queue | Knight |
| 21:06 | Build | Farm |
| 21:20 | Queue | Knight |
| 21:21 | Queue | Villager (Male) |
| 21:26 | Research | Bow Saw |
| 21:37 | Queue | Villager (Male) |
| 21:49 | Queue | Knight |
| 22:11 | Build | Town Center |
| 22:18 | Queue | Villager (Male) |
| 22:20 | Queue | Knight |
| 22:30 | Queue | Villager (Male) |
| 22:50 | Build | Farm |
| 22:52 | Queue | Villager (Male) |
| 23:10 | Queue | Villager (Male) |
| 23:47 | Queue | Villager (Male) |
| 24:02 | Build | Town Center |
| 24:14 | Queue | Villager (Male) |
| 24:14 | Queue | Villager (Male) |
| 24:15 | Queue | Villager (Male) |
| 24:37 | Queue | Villager (Male) |
| 24:37 | Queue | Villager (Male) |
| 24:42 | Queue | Skirmisher |
| 24:43 | Queue | Skirmisher |
| 25:02 | Queue | Villager (Male) |
| 25:02 | Queue | Villager (Male) |
| 25:06 | Build | Farm |
| 25:22 | Queue | Villager (Male) |
| 25:25 | Build | Farm |
| 25:36 | Queue | Villager (Male) |
| 25:44 | Build | Farm |
| 25:45 | Build | Farm |
| 25:46 | Build | Farm |
| 25:50 | Build | Farm |
| 25:51 | Build | Farm |
| 25:54 | Queue | Skirmisher |
| 25:55 | Queue | Skirmisher |
| 26:00 | Research | Padded Archer Armor |
| 26:06 | Queue | Villager (Male) |
| 26:06 | Queue | Villager (Male) |
| 26:06 | Queue | Villager (Male) |
| 26:13 | Build | Farm |
| 26:15 | Build | Farm |
| 26:17 | Build | Farm |
| 26:22 | Queue | Skirmisher |
| 26:23 | Queue | Villager (Male) |
| 26:24 | Queue | Villager (Male) |
| 26:30 | Build | Archery Range |
| 26:31 | Queue | Villager (Male) |
| 26:32 | Queue | Villager (Male) |
| 26:50 | Build | Barracks |
| 27:03 | Build | Monastery |
| 27:04 | Queue | Villager (Male) |
| 27:05 | Queue | Villager (Male) |
| 27:06 | Queue | Spearman |
| 27:06 | Queue | Spearman |
| 27:06 | Queue | Spearman |
| 27:10 | Build | House |
| 27:12 | Build | House |
| 27:12 | Build | House |
| 27:19 | Research | Wheelbarrow |
| 27:21 | Research | Scale Mail Armor |
| 27:37 | Queue | Spearman |
| 27:40 | Queue | Monk |
| 27:41 | Queue | Monk |
Match timeline
| 4:58 | KLOAKAN · first_building Barracks |
| 6:27 | [AoT]Mikuri · wall_segment Palisade Wall x11 |
| 6:44 | [AoT]Mikuri · wall_segment Palisade Wall x4 |
| 8:00 | [AoT]Mikuri · wall_segment Palisade Wall x1 |
| 8:01 | [AoT]Mikuri · wall_segment Palisade Wall x1 |
| 9:10 | [AoT]Mikuri · first_building Barracks |
| 9:20 | [AoT]Mikuri · wall_segment Palisade Wall x1 |
| 9:22 | [AoT]Mikuri · wall_segment Palisade Wall x1 |
| 10:08 | [AoT]Mikuri · age_up feudal |
| 10:19 | [AoT]Mikuri · first_building Archery Range |
| 10:39 | KLOAKAN · age_up feudal |
| 12:20 | KLOAKAN · first_building Archery Range |
| 14:53 | [AoT]Mikuri · wall_segment Palisade Wall x1 |
| 18:29 | KLOAKAN · first_building Stable |
| 18:35 | [AoT]Mikuri · wall_segment Palisade Wall x1 |
| 18:36 | [AoT]Mikuri · wall_segment Palisade Wall x1 |
| 18:37 | [AoT]Mikuri · wall_segment Palisade Wall x1 |
| 18:43 | [AoT]Mikuri · wall_segment Palisade Wall x1 |
| 19:20 | [AoT]Mikuri · wall_segment Palisade Wall x1 |
| 19:23 | [AoT]Mikuri · wall_segment Palisade Wall x1 |
| 19:56 | KLOAKAN · first_market_buy 100 food |
| 20:39 | KLOAKAN · age_up castle |
| 21:57 | [AoT]Mikuri · first_building Stable |
| 23:25 | [AoT]Mikuri · wall_segment Palisade Wall x1 |
| 23:28 | [AoT]Mikuri · wall_segment Palisade Wall x2 |
| 24:28 | [AoT]Mikuri · age_up castle |
| 24:33 | [AoT]Mikuri · first_building Monastery |
| 25:23 | [AoT]Mikuri · first_market_buy 100 food |
| 26:02 | [AoT]Mikuri · first_market_sell 100 wood |
| 27:03 | KLOAKAN · first_building Monastery |
| 31:39 | KLOAKAN · first_building Castle |
| 35:31 | [AoT]Mikuri · first_building Castle |
| 35:35 | KLOAKAN · first_market_sell 100 wood |
| 38:46 | [AoT]Mikuri · age_up imperial |
| 38:53 | KLOAKAN · age_up imperial |
| 40:43 | KLOAKAN · first_building Siege Workshop |
| 49:10 | [AoT]Mikuri · first_building Siege Workshop |
| 51:54 | KLOAKAN · wall_segment Stone Wall x15 |
| 55:48 | KLOAKAN · resign |
[ AI ANALYSIS · 1 CREDIT ]
What really happened in this match?
Wolo.gg analyzes every decision: build order, eco, micro, common mistakes by bracket. Personalized analysis on WhatsApp or Discord in 30 seconds.
Civ guide
Franks
Perfil
Jugador #1908979